 Dungeon Crawl Stone Soup version 0.29-a0-284-gf9362112df (webtiles) character file.

Game seed: 12410043409563943315

88 siradein the Insei (level 4, 0/29 HPs)
             Began as an Octopode Transmuter on Mar 31, 2022.
             Slain by an orc wizard
             ... wielding a +0 dagger
              (2 damage)
             ... on level 6 of the Dungeon.
             The game lasted 00:06:07 (2553 turns).

siradein the Insei (Octopode Transmuter)            Turns: 2553, Time: 00:06:07

Health: 0/29       AC:  1    Str:  9    XL:     4   Next: 54%
Magic:  7/7        EV: 13    Int: 17    God:
Gold:   94         SH:  0    Dex: 12    Spells: 2/8 levels left

rFire   . . .      SeeInvis .     - Unarmed
rCold   . . .      Faith    .   (no shield)
rNeg    . . .      Spirit   .   (helmet restricted)
rPois   .          Reflect  .   (no amulet)
rElec   .          Harm     .   (no ring)
rCorr   .          Rampage  .   (no ring)
Will    .....                   (no ring)
Stlth   ++........              (no ring)
HPRegen 0.09/turn               (no ring)
MPRegen 0.10/turn               (no ring)
                                (no ring)
                                (no ring)

@: no status effects
A: almost no armour, amphibious, 8 rings, camouflage 1, gelatinous body 1,
(nimble swimmer 1), tentacles
a: no special abilities


You were on level 6 of the Dungeon.
You visited 1 branch of the dungeon, and saw 4 of its levels.

You collected 94 gold pieces.

Inventory:

Jewellery
 j - an amulet of faith
 n - a ring of fire
Scrolls
 c - 2 scrolls of silence {unknown}
 f - a scroll of blinking {unknown}
 g - a scroll of fear {unknown}
 i - a scroll of holy word {unknown}
 k - a scroll of identify {unknown}
 l - a scroll of magic mapping {unknown}
Potions
 a - a potion of lignification
 b - a potion of curing {unknown}
 d - 2 potions of invisibility {unknown}
 e - 4 potions of ambrosia {unknown}
 h - a potion of flight {unknown}
 m - 2 potions of degeneration {unknown}


   Skills:
 + Level 1.9 Fighting
 + Level 2.6 Dodging
 + Level 3.4 Unarmed Combat
 + Level 2.5 Spellcasting
 + Level 2.7 Transmutations
 + Level 1.1 Poison Magic


You had 2 spell levels left.
You knew the following spells:

 Your Spells              Type           Power      Damage    Failure   Level
a - Beastly Appendage     Tmut           22%        N/A       6%          1
b - Wereblood             Tmut           11%        N/A       10%         2
c - Spider Form           Tmut/Pois      8%         N/A       26%         3

Your spell library contained the following spells:

 Spells                   Type           Power      Damage    Failure   Level
 Ice Form                 Ice/Tmut       6%         N/A       71%         4


Dungeon Overview and Level Annotations

Branches:
Dungeon (3/15)             Temple (0/1) D:6

Altars:


Innate Abilities, Weirdness & Mutations

You cannot wear most types of armour.
You are amphibious.
You can wear up to eight rings at the same time.
Your skin changes colour to match your surroundings (Stealth+).
Your rubbery body absorbs attacks. (AC +1, EV +1)
((You are camouflaged when in or above water. (Stealth+)))
You have tentacles for arms and can constrict up to eight enemies at once.


Message History

The crimson imp blinks!
The ufetubus attacks as you move away! The ufetubus completely misses you.
The ufetubus closely misses you. The ufetubus misses you.
The ufetubus closely misses you.
The ufetubus disappears in a puff of smoke!
An orc wizard comes into view. It is wielding a +0 dagger.
A kobold comes into view. It is wielding a +0 dagger.
The water moccasin attacks as you move away!
The water moccasin closely misses you.
The water moccasin attacks as you move away!
The water moccasin barely misses you. The water moccasin bites you.
* * * LOW HITPOINT WARNING * * *
Unknown command.
The water moccasin attacks as you move away!
The water moccasin bites you.
* * * LOW HITPOINT WARNING * * *
A kobold brigand and a kobold come into view.
The kobold brigand is wielding a +0 dagger and quivering poisoned darts.
The kobold brigand shouts!
The kobold shouts!
You hear a shout!
An orc comes into view. It is wielding a +0 hand axe.
A kobold comes into view. It is wielding a +0 dagger.
The water moccasin attacks as you move away!
The water moccasin bites you.
* * * LOW HITPOINT WARNING * * *
2 kobolds come into view.
Found a staircase to the Ecumenical Temple.
The kobold shouts!
An orc comes into view. It is wielding a +0 short sword.
A kobold comes into view. It is wielding a +0 club.
Found a viscous dark potion.
The orc shouts!
The orc wizard shouts!
The water moccasin barely misses you.
The orc shouts!
Unknown command.
Unknown command.
Unknown command.
The kobold shouts!
The kobold closely misses you.
The orc wizard hits you with a +0 dagger.
You die...

##K##
(.....
#.#
##.###
#.# #.#
### #5#
#.. #.#
#.. #S#
#..
######.#
#..
#....@K#
#..
#.!.oKo#
#.[
#..§KoK#
#..
#..§...K
#..§.KK.#
#.......#
#..###...
#.# #.#.


You could see a water moccasin, a kobold brigand, an orc wizard, a crimson imp
(summoned), 2 orcs and 6 kobolds.

Vanquished Creatures
  A gnoll (D:2)
  2 adders (D:2)
  3 worms (D:2)
  3 dart slugs
  5 bats
  6 endoplasms
  A giant cockroach (D:3)
  2 goblins
  4 hobgoblins
  5 kobolds
  4 quokkas (D:1)
  4 ball pythons
  A frilled lizard (D:1)
  3 rats (D:1)
44 creatures vanquished.

Notes
Turn   | Place    | Note
-------+----------+-------------------------------------------
     0 | D:1      | siradein the Octopode Transmuter began the quest for the
                  | Orb.
     0 | D:1      | Reached XP level 1. HP: 13/13 MP: 3/3
   201 | D:1      | Reached XP level 2. HP: 18/18 MP: 3/5
   332 | D:1      | Found a faded altar of an unknown god.
   578 | D:1      | Learned a level 2 spell: Wereblood
  1192 | D:1      | Reached XP level 3. HP: 19/23 MP: 4/6
  1196 | D:1      | Learned a level 3 spell: Spider Form
  1903 | D:2      | Reached XP level 4. HP: 29/29 MP: 5/7
  2107 | D:2      | Reached skill level 1 in Poison Magic
  2519 | D:3      | You fall into a shaft and drop 3 floors!
  2519 | D:6      | Noticed a water moccasin
  2519 | D:6      | Noticed a kobold demonologist
  2519 | D:6      | Noticed a kobold brigand
  2519 | D:6      | Noticed a kobold demonologist
  2520 | D:6      | Noticed a kobold brigand
  2521 | D:6      | Noticed a kobold demonologist
  2521 | D:6      | Noticed a kobold brigand
  2550 | D:6      | Noticed a kobold brigand
  2551 | D:6      | HP: 1/29 [water moccasin (3)]
  2551 | D:6      | Found a staircase to the Ecumenical Temple.
  2553 | D:6      | Slain by an orc wizard

Illustrated notes

Levels and vault maps discovered:
D:1:      dpeg_arrival_orchard, layout_basic,
          shapermc_ecumenical_altar_hornbeckon
D:2:      layout_basic, minmay_heptomino_d4
D:3:      layout_loops_ring, mainiacjoe_overflow_small_starburst
D:6:      layout_loops_ring, overflow_temple_1_default, kennysheep_little_box,
          minmay_temple_entry_purple_smoke, minmay_misc_feat_cross,
          hangedman_minor_gate_pass, uniq_blork_the_orc, uniq_prince_ribbit1

Skill      XL: |  1  2  3  4 |
---------------+-------------+-----
Poison Magic   | 1 |  1.1
Fighting       | |  1.9
Dodging        | |  2.6
Unarmed Combat | |  3.4
Spellcasting   | |  2.5
Transmutations | |  2.7

Action                   |  1- 3 |  4- 6 || total
-------------------------+-------+-------++-------
Melee: Unarmed           |    71 |    25 ||    96
       Constrict         |    22 |     5 ||    27
       Kick              |    22 |     9 ||    31
       Tentacles         |    14 |     4 ||    18
       Punch             |     1 |       ||     1
 Cast: Beastly Appendage |    26 |     5 ||    31
 Stab: Sleeping          |     6 |       ||     6
       Distracted        |     1 |       ||     1
Armor: Skin              |     3 |     4 ||     7
Dodge: Dodged            |    37 |    34 ||    71

Table legend: (Time is in decaauts)
 A = Elapsed time spent in this place.
 B = Non-inter-level travel time spent in this place.
 C = Inter-level travel time spent in this place.
 D = Time resting spent in this place.
 E = Time spent auto-exploring this place.
 F = Levels seen in this place.
 G = Mean time per level.
                   A        B        C        D        E       F      G
               +--------+--------+--------+--------+--------+-----+--------+
         Total |   2545 |   2493 |     52 |    216 |   1868 |   4 |  636.2 |
       Dungeon |   2545 |   2493 |     52 |    216 |   1868 |   4 |  636.2 |
               +--------+--------+--------+--------+--------+-----+--------+

Top non-repeatable levels by time:
     D:1: 1476 daAuts
     D:2: 890 daAuts
     D:3: 144 daAuts
     D:6: 33 daAuts
